 Dungeon Crawl Stone Soup version 0.29-a0-6-ga859fcf985 (webtiles) character file.

Game seed: 8036632172819971291

119963 Grim the Bludgeoner (level 16, -3/232 HPs)
             Began as a Minotaur Berserker on Jan 27, 2022.
             Was a High Priest of Trog.
             Slain by a black mamba (13 damage)
             ... on level 1 of the Snake Pit.
             The game lasted 01:03:57 (35443 turns).

Grim the Bludgeoner (Minotaur Berserker)           Turns: 35443, Time: 01:03:58

Health: -3/232     AC: 36    Str: 24    XL:     16   Next: 29%
Magic:  0/5        EV: 14    Int: 10    God:    Trog [*****.]
Gold:   1991       SH:  4    Dex: 14    Spells: 15/15 levels left

rFire   . . .      SeeInvis .   m - +4 demon whip (antimagic)
rCold   . . .      Faith    .   (no shield)
rNeg    . . .      Spirit   .   i - +7 plate armour of True Grit {rCorr}
rPois   +          Reflect  .   (helmet restricted)
rElec   .          Harm     .   S - +0 cloak {rCorr}
rCorr   +          Rampage  .   X - +1 pair of gloves {infuse}
Will    ++...                   f - +3 pair of boots "Leggurph" {rPois Will+ Int+2}
Stlth   ..........              O - amulet of the acrobat
HPRegen 0.48/turn               h - +4 ring of protection
MPRegen 0.09/turn               j - +4 ring of evasion

@: berserking (expiring), lethally poisoned (-3 -> -6), slowed, constricted
A: horns 2, retaliatory headbutt, large bone plates 1, agile 1, poison
resistance
a: Renounce Religion, Berserk, Trog's Hand, Brothers in Arms


You were on level 1 of the Snake Pit.
You worshipped Trog.
Trog was extremely pleased with you.
You visited 4 branches of the dungeon, and saw 24 of its levels.
You also visited: Ossuary and Gauntlet.

You collected 3115 gold pieces.
You spent 1124 gold pieces at shops.

Inventory:

Hand Weapons
 m - a +4 antimagic demon whip (weapon)
 J - a +1 great mace
Missiles
 e - 15 boomerangs
 l - 44 poisoned darts
 y - 5 javelins
 A - 2 throwing nets
 E - 23 curare-tipped darts (quivered)
 F - 37 stones
Armour
 f - the +3 pair of boots "Leggurph" (worn) {rPois Will+ Int+2}
   (You bought it in a shop on level 2 of the Orcish Mines)

   Int:       It affects your intelligence (+2).
   rPois:     It protects you from poison.
   Will:      It increases your willpower.
 i - the +7 plate armour of True Grit (worn) {rCorr}
   (You bought it in a shop on level 2 of the Orcish Mines)

   rCorr:     It protects you from acid and corrosion.
 S - a +0 cloak of preservation (worn)
 U - a scarf of resistance
 X - a +1 pair of gloves of infusion (worn)
Jewellery
 h - a +4 ring of protection (left hand)
 j - a +4 ring of evasion (right hand)
 q - an amulet of guardian spirit
 r - the ring "Bisocum" {Fly rN+++ Dex-4}
   (You found it in a Gauntlet)

   [ring of flight]

   Dex:       It affects your dexterity (-4).
   rN:        It renders you almost immune to negative energy.
   Fly:       It grants you flight.
 O - an amulet of the acrobat (around neck)
Wands
 n - a wand of iceblast (3)
 G - a wand of paralysis (5)
 I - a wand of acid (21)
 T - a wand of charming (6)
 V - a wand of mindburst (19)
 W - a wand of polymorph (7)
Scrolls
 d - 8 scrolls of fog
 k - 2 scrolls of fear {unknown}
 o - 3 scrolls of torment
 u - 4 scrolls of enchant weapon
 w - 3 scrolls of brand weapon {unknown}
 z - 2 scrolls of acquirement {unknown}
 B - a scroll of holy word
 C - 6 scrolls of magic mapping
 D - 2 scrolls of amnesia
 Q - 2 scrolls of enchant armour {unknown}
 R - 2 scrolls of blinking {unknown}
 Y - a scroll of vulnerability
Potions
 b - a potion of magic {unknown}
 c - a potion of might {unknown}
 p - 10 potions of curing
 s - 6 potions of haste
 t - 6 potions of flight
 v - 5 potions of resistance
 x - 13 potions of ambrosia
 H - a potion of berserk rage
 L - a potion of cancellation
 Z - 5 potions of attraction
Miscellaneous
 a - a phial of floods
 K - a piece from Xom's chessboard (15/15)
 M - a condenser vane
 N - a box of beasts
 P - a tin of tremorstones (2/2)


   Skills:
 + Level 17.4 Fighting
 - Level 19.1 Maces & Flails
 + Level 14.1 Armour
 - Level 14.7 Dodging
 - Level 10.4 Evocations


You had 15 spell levels left.
You didn't know any spells.
Your spell library was empty.

Dungeon Overview and Level Annotations

Branches:
Dungeon (15/15)            Temple (0/1) D:4            Lair (6/6) D:10
 Shoals (0/4) Lair:4        Snake (1/4) Lair:3        Slime (0/5) Lair:5
    Orc (2/2) D:11            Elf (0/3) Orc:2        Vaults (0/5) D:13
 Depths (0/4) D:15        Ossuary (visited)         Gauntlet (visited)

Altars:
Dithmenos
Nemelex Xobeh
Okawaru
Sif Muna
Trog
Vehumet
Beogh
Lugonu

Shops:
D:5 **   D:7 [   Orc:2 ?[([

Portals:
Abyss: Orc:2

Annotations:
D:13 1 runed translucent door, Sytt's ghost, journeyman DrTm


Innate Abilities, Weirdness & Mutations

You have a pair of horns on your head.
You reflexively headbutt those who attack you in melee.
You are partially covered in large bone plates. (SH +4)
You are agile. (Dex +2)
Your system is resistant to poisons. (rPois)


Message History

You headbutt the anaconda! The anaconda constricts you.
* * * LOW HITPOINT WARNING * * *
You miss Aizul.
Aizul is almost dead.
You feel sick.
The mana viper bites you but does no damage.
Aizul misses you. You furiously retaliate!
You headbutt Aizul! You block the black mamba's attack.
The naga ritualist utters an invocation to its god.
The naga ritualist begins to radiate toxic energy.
You closely miss Aizul. Your headbutt misses Aizul.
Aizul is almost dead.
The anaconda bites you.
* * * LOW HITPOINT WARNING * * *
The anaconda constricts you.
* * * LOW HITPOINT WARNING * * *
The mana viper bites you but does no damage.
The black mamba bites you but does no damage.
Aizul falters for a moment.
You barely miss Aizul. Your headbutt misses Aizul.
Aizul is almost dead.
You feel sick. You block the anaconda's attack. The anaconda constricts you.
The black mamba barely misses you. You furiously retaliate!
You headbutt the black mamba. The mana viper barely misses you.
Unknown command.
You hit Aizul.
You kill Aizul!
Trog accepts your kill.
Trog appreciates your killing of a magic user.
* * * LOW HITPOINT WARNING * * *
The anaconda bites you but does no damage.
The anaconda constricts you.
Your condenser vane has recharged.
The anaconda's grasp on you weakens, but your attempt to escape fails.
You feel sick.
You are no longer poisoned.
* * * LOW HITPOINT WARNING * * *
You are poisoned.
The black mamba bites you!
You die...

. ..
#######.#
#......#
#.....#
#.@S.#
#SS†.#
#....#
##N###
#S# #.#
#.# #.#


You could see an anaconda, a naga ritualist (toxic aura), 2 mana vipers and a
black mamba.

Vanquished Creatures
  Agnes (D:13)
  Frances (Snake:1)
  An orc warlord (Orc:1)
  The ghost of Gilette the Fencer, an adept GrFi of Okawaru (D:11)
  Aizul (Snake:1)
  A reaper (Gauntlet)
  A dire elephant (Lair:6)
  Azrael (D:15)
  An ettin (D:14)
  A minotaur (Gauntlet)
  A fire dragon (Lair:6)
  7 hydras
  2 naga warriors (Snake:1)
  3 catoblepae (Lair:6)
  2 boulder beetles (D:14)
  4 centaur warriors
  A death knight (D:15)
  8 two-headed ogres
  2 tengu warriors
  6 death yaks
  7 orc high priests
  2 naga sharpshooters (Snake:1)
  A shock serpent (Snake:1)
  7 skeletal warriors
  A deep troll (D:15)
  2 naga ritualists (Snake:1)
  A swamp dragon (Lair:6)
  4 lindwurms (Lair:5)
  15 orc knights
  2 wizards (D:15)
  2 phantasmal warriors
  2 orc sorcerers
  4 mana vipers (Snake:1)
  11 cyclopes
  3 manticores
  3 deep elf pyromancers
  A salamander (Snake:1)
  5 ugly things
  An oklob plant (Orc:1)
  Maurice (D:10)
  2 guardian serpents (Snake:1)
  11 elephants (Lair:6)
  14 black mambas
  3 naga magi (Snake:1)
  A torpor snail (Lair:5)
  A gargoyle (D:12)
  13 cane toads
  An unseen horror (D:11)
  13 komodo dragons
  Maggie (D:8)
  2 efreet
  6 rime drakes
  2 freezing wraiths
  A kobold demonologist (D:13)
  An ancient zyme (D:9)
  2 queen bees
  5 meliai
  7 trolls
  4 polar bears
  2 hornets (D:10)
  Grinder (D:6)
  A small abomination (D:9)
  7 slime creatures
  2 dream sheep (Lair:6)
  5 blink frogs
  Sigmund (D:6)
  2 shadows
  4 wyverns
  A vampire (D:13)
  4 wraiths
  A centaur simulacrum (D:14)
  2 fire elementals (D:15)
  34 yaks
  6 basilisks
  2 vampire mosquitoes (D:13)
  6 steam dragons
  A chaos spawn (Gauntlet)
  A neqoxec (Gauntlet)
  The ghost of paps the Sneak, an amateur OpFi (D:3)
  Menkaure (D:6)
  5 wargs
  2 acid dragons
  9 nagas
  4 hell hounds (D:15)
  6 water moccasins
  50 orc warriors
  3 black bears
  A sky beast (D:8)
  A swamp drake (Lair:6)
  13 wolves
  12 centaurs
  4 ogres
  5 kobold brigands
  Blork the orc (D:4)
  A gnoll sergeant (D:8)
  13 bullfrogs
  2 elf skeletons (D:7)
  2 elf zombies
  A scorpion (D:7)
  17 killer bees
  14 wights
  2 electric eels (D:10)
  A howler monkey (D:6)
  2 bullfrog zombies
  6 centaur zombies
  4 human zombies
  6 hounds
  16 jellies
  41 orc priests
  A gnoll shaman (D:8)
  5 iguanas
  23 orc wizards
  6 hell rats (Lair:1)
  2 killer bee zombies
  A hound skeleton (D:4)
  2 mummies (Ossuary)
  2 howler monkey zombies
  A howler monkey skeleton (D:2)
  12 gnolls
  4 adders
  2 river rats (D:10)
  2 shadow imps (Gauntlet)
  3 white imps
  An adder skeleton (D:4)
  2 adder zombies
  2 worms (D:3)
  2 dart slugs
  89 orcs
  8 bats
  7 endoplasms
  6 giant cockroaches
  8 goblins
  11 hobgoblins
  A jackal (D:2)
  A quokka (D:10)
  5 ball pythons
  4 frilled lizards
  A goblin zombie (Ossuary)
  9 hobgoblin zombies (Ossuary)
  A jackal zombie (Ossuary)
  19 kobolds
  10 kobold zombies (Ossuary)
  10 orc zombies
  6 rats
809 creatures vanquished.

Vanquished Creatures (collateral kills)
  An ettin (Orc:1)
  3 skeletal warriors (D:14)
  A meliai (Lair:6)
  An orc warrior (Orc:1)
  9 killer bees (Lair:6)
  An orc priest (Orc:1)
  2 orcs (Orc:1)
18 creatures vanquished.

Vanquished Creatures (others)
  An iguana (Lair:6)
  13 demonic plants (Gauntlet)
  30 fungi
  A lurking horror (Orc:2)
  43 plants
88 creatures vanquished.

Grand Total: 915 creatures vanquished

Notes
Turn   | Place    | Note
-------+----------+-------------------------------------------
     0 | D:1      | Grim the Minotaur Berserker began the quest for the Orb.
     0 | D:1      | Reached XP level 1. HP: 19/19 MP: 0/0
    69 | D:1      | Reached skill level 4 in Maces & Flails
   287 | D:1      | Reached XP level 2. HP: 26/26 MP: 1/1
   739 | D:1      | Reached skill level 5 in Maces & Flails
  1193 | D:2      | Reached XP level 3. HP: 31/31 MP: 2/2
  1311 | D:2      | Reached ** piety under Trog
  1387 | D:2      | Found a faded altar of an unknown god.
  2191 | D:3      | Reached XP level 4. HP: 38/39 MP: 3/3
  2203 | D:3      | Reached skill level 6 in Maces & Flails
  2563 | D:3      | Found a runed translucent door.
  2566 | D:3      | Noticed paps's ghost (amateur OpFi)
  2726 | D:3      | Killed paps's ghost
  2727 | D:3      | Reached skill level 7 in Maces & Flails
  2727 | D:3      | Reached XP level 5. HP: 45/45 MP: 4/4
  2884 | D:4      | Noticed Blork the orc
  2894 | D:4      | Killed Blork the orc
  2895 | D:4      | Reached skill level 8 in Maces & Flails
  2895 | D:4      | Reached XP level 6. HP: 51/51 MP: 5/5
  2957 | D:4      | Found a staircase to the Ecumenical Temple.
  3386 | D:4      | Reached skill level 9 in Maces & Flails
  3520 | D:5      | Entered Level 5 of the Dungeon
  3600 | D:5      | Reached XP level 7. HP: 56/57 MP: 6/6
  3618 | D:5      | Reached skill level 10 in Maces & Flails
  3634 | D:5      | Reached *** piety under Trog
  3808 | D:5      | Found Lopsue's Specific Store.
  3810 | D:5      | Found Konaor's General Store.
  4686 | D:6      | Reached skill level 11 in Maces & Flails
  4843 | D:6      | Noticed Sigmund
  4850 | D:6      | Killed Sigmund
  4851 | D:6      | Reached XP level 8. HP: 64/64 MP: 7/7
  4931 | D:6      | Noticed Menkaure
  4933 | D:6      | Noticed Grinder
  4939 | D:6      | Killed Menkaure
  4940 | D:6      | Reached skill level 12 in Maces & Flails
  4948 | D:6      | Killed Grinder
  5253 | D:6      | Reached skill level 13 in Maces & Flails
  5591 | D:7      | Found Raalun's Antique Armour Shop.
  5599 | D:7      | Paralysed by a wight for 6 turns
  5611 | D:7      | Paralysed by a wight for 4 turns
  5806 | D:7      | Reached skill level 14 in Maces & Flails
  5808 | D:7      | Reached XP level 9. HP: 70/70 MP: 8/8
  5904 | D:7      | Found a sand-covered staircase.
  5917 | Ossuary  | Entered an ossuary
  5989 | Ossuary  | Reached **** piety under Trog
  6063 | Ossuary  | Reached skill level 5 in Fighting
  6838 | D:7      | Found a sparkling altar of Nemelex Xobeh.
  7406 | D:8      | Reached skill level 10 in Fighting
  7526 | D:8      | Reached XP level 10. HP: 92/92 MP: 9/9
  7569 | D:8      | Reached ***** piety under Trog
  7598 | D:8      | Noticed Maggie
  7612 | D:8      | Killed Maggie
  8033 | D:8      | Noticed a red ugly thing
  8034 | D:8      | Noticed a deep elf pyromancer
  8043 | D:8      | Killed a red ugly thing
  8048 | D:8      | Killed a deep elf pyromancer
  8098 | D:8      | Noticed a green ugly thing
  8102 | D:8      | Killed a green ugly thing
  8473 | D:9      | Noticed a cyan ugly thing
  8473 | D:9      | Noticed a purple ugly thing
  8477 | D:9      | Found a corrupted altar of Lugonu.
  8478 | D:9      | Noticed a brown ugly thing
  8585 | D:9      | Reached skill level 5 in Armour
  9114 | D:9      | Found a transporter.
  9116 | D:9      | Found a transporter.
  9116 | D:9      | Noticed a red ugly thing
  9627 | D:9      | Gained mutation: You are frail. (-10% HP) [potion of
                  | mutation]
  9628 | D:9      | Lost mutation: You are frail. (-10% HP) [potion of
                  | mutation]
  9628 | D:9      | Gained mutation: You are agile. (Dex +2) [potion of
                  | mutation]
  9628 | D:9      | Gained mutation: Your system is resistant to poisons.
                  | (rPois) [potion of mutation]
  9628 | D:9      | Gained mutation: You are partially covered in large bone
                  | plates. (SH +4) [potion of mutation]
  9657 | D:9      | Killed a brown ugly thing
  9658 | D:9      | Reached XP level 11. HP: 74/107 MP: 10/10
  9941 | D:10     | Entered Level 10 of the Dungeon
  9942 | D:10     | Noticed a deep elf pyromancer
  9944 | D:10     | Noticed a death yak
  9947 | D:10     | Killed a deep elf pyromancer
  9953 | D:10     | Noticed a death yak
  9958 | D:10     | Killed a death yak
  9959 | D:10     | Noticed a death yak
  9975 | D:10     | Found a staircase to the Lair.
  9981 | D:10     | Killed a death yak
  9982 | D:10     | Reached skill level 10 in Armour
 10004 | D:10     | Killed a death yak
 10125 | D:10     | Noticed a two-headed ogre
 10128 | D:10     | Killed a two-headed ogre
 10177 | D:10     | Noticed a two-headed ogre
 10191 | D:10     | Killed a two-headed ogre
 10506 | D:10     | Noticed Maurice
 10510 | D:10     | Killed Maurice
 10526 | D:10     | Noticed a two-headed ogre
 10535 | D:10     | Killed a two-headed ogre
 10714 | D:10     | Received a gift from Trog
 10778 | D:10     | Reached XP level 12. HP: 110/115 MP: 9/11
 10837 | D:10     | Reached skill level 5 in Dodging
 11075 | D:10     | Found a radiant altar of Vehumet.
 11075 | D:10     | Found an iron altar of Okawaru.
 11135 | D:10     | Found a shadowy altar of Dithmenos.
 11344 | D:11     | Noticed a two-headed ogre
 11350 | D:11     | Killed a two-headed ogre
 11567 | D:11     | Found a staircase to the Orcish Mines.
 11575 | D:11     | Identified the +11 short sword "Yruvifi" {vorpal, rF++
                  | Str-5} (Trog gifted it to you on level 11 of the Dungeon)
 11575 | D:11     | Received a gift from Trog
 11905 | D:11     | Noticed a centaur warrior
 11914 | D:11     | Killed a centaur warrior
 12068 | D:11     | Noticed a two-headed ogre
 12075 | D:11     | Killed a two-headed ogre
 12534 | D:12     | Reached skill level 10 in Dodging
 12545 | D:12     | Identified the +1 pair of boots of Toeklaoxt {rF+}
 12692 | D:12     | Found a bloodstained altar of Trog.
 12836 | D:12     | Noticed a two-headed ogre
 12844 | D:12     | Killed a two-headed ogre
 13109 | D:12     | Noticed a two-headed ogre
 13115 | D:12     | Killed a two-headed ogre
 13447 | D:13     | Noticed a two-headed ogre
 13452 | D:13     | Killed a two-headed ogre
 13675 | D:13     | Noticed a centaur warrior
 13683 | D:13     | Killed a centaur warrior
 13684 | D:13     | Reached XP level 13. HP: 122/122 MP: 12/12
 13719 | D:13     | Found a gate to the Vaults.
 13773 | D:13     | Found a runed translucent door.
 13774 | D:13     | Noticed Sytt's ghost (journeyman DrTm)
 13778 | D:13     | Identified the +9 trident of Emofulom {venom, rF+++ rCorr
                  | Str-4 Dex-2}
 14431 | D:14     | Found a shimmering blue altar of Sif Muna.
 14775 | D:14     | Noticed Agnes
 14790 | D:13     | Killed Agnes
 15924 | D:15     | Entered Level 15 of the Dungeon
 15940 | D:15     | Reached skill level 1 in Evocations
 16215 | D:15     | Noticed Azrael
 16236 | D:15     | Killed Azrael
 16237 | D:15     | Reached skill level 15 in Maces & Flails
 16453 | D:15     | Found a staircase to the Depths.
 17737 | Lair:1   | Entered Level 1 of the Lair of Beasts
 17768 | Lair:1   | Reached XP level 14. HP: 85/129 MP: 8/13
 18197 | Lair:1   | Reached skill level 5 in Evocations
 18868 | Lair:1   | Received a gift from Trog
 18877 | Lair:2   | Reached skill level 16 in Maces & Flails
 19852 | Lair:3   | Found a staircase to the Snake Pit.
 20936 | Lair:4   | Found a staircase to the Shoals.
 21282 | Lair:4   | Identified the +1 ring mail of Budos {+Inv rN+}
 21683 | Lair:5   | Found a staircase to the Slime Pits.
 21786 | Lair:5   | Found a gate leading to a gauntlet.
 21825 | Gauntlet | Entered a Gauntlet
 21825 | Gauntlet | Found a transporter.
 21825 | Gauntlet | Found a transporter.
 21839 | Gauntlet | Found a transporter.
 21840 | Gauntlet | Found a transporter.
 21847 | Gauntlet | Found a transporter.
 21851 | Gauntlet | Found a transporter.
 21853 | Gauntlet | Noticed a reaper
 21858 | Gauntlet | Found a transporter.
 21876 | Gauntlet | Found a transporter.
 21894 | Gauntlet | Found a transporter.
 21897 | Gauntlet | Found a transporter.
 21907 | Gauntlet | Found a transporter.
 21910 | Gauntlet | Found a transporter.
 21943 | Gauntlet | Found a runed translucent door.
 22047 | Gauntlet | Reached skill level 17 in Maces & Flails
 22117 | Gauntlet | Identified the ring "Bisocum" {Fly rN+++ Dex-4}
 22130 | Gauntlet | Killed a reaper
 23023 | Lair:5   | Identified the +8 dagger of the Pyrrhic Victory {drain,
                  | rElec rF+ rC-}
 23030 | Lair:5   | Identified the +6 longbow of Hiykewak {venom, rPois rF+}
 23145 | Lair:6   | Entered Level 6 of the Lair of Beasts
 23858 | Lair:6   | Reached skill level 18 in Maces & Flails
 23914 | Lair:6   | Reached XP level 15. HP: 126/135 MP: 12/14
 24746 | Lair:6   | Received a gift from Trog
 25756 | D:15     | Reached skill level 19 in Maces & Flails
 26968 | Orc:1    | Entered Level 1 of the Orcish Mines
 27355 | Orc:1    | Found a runed translucent gate.
 27355 | Orc:1    | Found a runed translucent gate.
 27355 | Orc:1    | Found a runed translucent gate.
 27359 | Orc:1    | Noticed Gilette's ghost (adept GrFi)
 27362 | Orc:1    | Identified the +0 chain mail of Mujecwaf {Will+ Int+4}
 27378 | Orc:1    | Identified the +6 scimitar "Tohodep" {spect, rF+ Dex+5}
 27381 | Orc:1    | Identified the +1 scale mail of the Skies Above {Int+3}
 27399 | Orc:1    | Reached skill level 10 in Evocations
 28974 | Orc:2    | Entered Level 2 of the Orcish Mines
 29247 | Orc:2    | Found a staircase to the Elven Halls.
 29253 | Orc:2    | Noticed an orc warlord
 29605 | Orc:1    | Killed an orc warlord
 29814 | Orc:1    | Received a gift from Trog
 31421 | Orc:2    | Found a corrupted altar of Lugonu.
 31422 | Orc:2    | Found a one-way gate to the infinite horrors of the Abyss.
 31940 | Orc:1    | Reached skill level 15 in Fighting
 33487 | Orc:2    | Found Zir Suuh Pips's Magic Scroll Shoppe.
 33490 | Orc:2    | Found Jogurchepho's Antique Weapon Emporium.
 33491 | Orc:2    | Found Jecw's Antique Armour Shoppe.
 33492 | Orc:2    | Found Munofip's Armour Shoppe.
 33512 | Orc:2    | Bought a fine plate armour for 700 gold pieces
 33512 | Orc:2    | Identified the +7 plate armour of True Grit {rCorr} (You
                  | bought it in a shop on level 2 of the Orcish Mines)
 33526 | Orc:2    | Bought a pair of buzzing boots for 237 gold pieces
 33526 | Orc:2    | Identified the +3 pair of boots "Leggurph" {rPois Will+
                  | Int+2} (You bought it in a shop on level 2 of the Orcish
                  | Mines)
 33526 | Orc:2    | Bought a pair of runed gloves for 187 gold pieces
 33755 | D:11     | Killed Gilette's ghost
 34250 | Snake:1  | Entered Level 1 of the Snake Pit
 34259 | Snake:1  | Reached XP level 16. HP: 138/151 MP: 0/15
 34746 | Snake:1  | Noticed Frances
 34758 | Snake:1  | Killed Frances
 35408 | Snake:1  | Identified the +3 hand axe "Onwesmop" {freeze, rC- rCorr
                  | Int-2 SInv}
 35426 | Snake:1  | Noticed Aizul
 35442 | Snake:1  | Killed Aizul
 35442 | Snake:1  | HP: 11/232 [naga ritualist/Olgreb's Toxic Radiance (1)]
 35443 | Snake:1  | Slain by a black mamba

Illustrated notes

Levels and vault maps discovered:
D:1:      saegor_arrival_simple_d, layout_basic
D:2:      layout_loops_ring, hellmonk_ecumenical_altar_blasted,
          minmay_increasing_density
D:3:      layout_loops_ring, ebering_ghost_inner_flame, grunt_ministairs_6
D:4:      layout_basic, temple_pool_b, minmay_fountain_box,
          kennysheep_generic_room_9, uniq_blork_the_orc
D:5:      layout_cave_pods, roderic_serpentine_path,
          minmay_misc_feat_secret_circle, nicolae_specific_store,
          grunt_decor_junction
D:6:      layout_loops_ring, chequers_serial_rivers_micro_e,
          palyth_stone_intersect, uniq_sigmund, uniq_grinder, uniq_menkaure
D:7:      layout_cave_pools, nemelex_diamond_rough_becter, serial_shops, shop,
          nicolae_ossuary_entry_catacombs
D:8:      minmay_the_grid_octo_2x2 [minmay_the_grid_octo_checkered,
          minmay_the_grid_octo_horde, minmay_the_grid_octo_fan_narrow,
          minmay_the_grid_octo_prize_single_spiral], layout_cave_pools,
          uniq_maggie
D:9:      gammafunk_corrupted_shrine, layout_rooms, minivault_20, minmay_between
D:10:     wad_river_or_something, layout_rooms,
          gammafunk_temple_overflow_statue, mainiacjoe_overflow_surrounded_room,
          dpeg_lair_monsters, grunt_potential, uniq_maurice
D:11:     layout_long_grid, hiddenorc2_lemuel
D:12:     layout_irregular_city, hangedman_abyss_or_decor_lesser_grid,
          trog_ov_bears_minmay
D:13:     layout_basic, david_vaults_1, ebering_ghost_funeral_grove,
          chequers_hall_statues_wall_a, dk_noncrumbling_3
D:14:     layout_rooms, nicolae_sif_muna_condensation, uniq_agnes
D:15:     hangedman_depths_entry_civil_slaughter, layout_long_grid,
          minivault_23, minmay_strange_pillars, uniq_azrael
Lair:1:   beast_lair_carwin_large_3, layout_misc_corridors
Lair:2:   layout_gridlike
Lair:3:   layout_roguey, guppyfry_snake_entry_island, grunt_megastairs_3
Lair:4:   layout_loops_ring, shoals_dummy_entry, lemuel_fruit_fields
Lair:5:   layout_loops_ring, minmay_slime_entry_jelly_boxes,
          gauntlet_entry_generic, minmay_lindwurm_lava
Lair:6:   guppyfry_lair_end_dragon, layout_cave_pods, hangedman_lair_in_review,
          special_room [special_room_bee]
Snake:1:  layout_basic, serial_shops, nicolae_shop_trees,
          nicolae_snake_snakewalk, uniq_frances, uniq_aizul
Orc:1:    layout_caves, biasface_ghost_orc_armoury, special_room
          [special_room_orc], mines3_lemuel
Orc:2:    st_orc_pillars, layout_caves, amcnicky_altar_lugonu_corruption

Skill      XL: |  1  2  3  4  5  6  7  8  9 10 11 12 13 14 15 16 |
---------------+-------------------------------------------------+-----
Maces & Flails | 4 5 7 8 9 11 14 15 18 19 | 19.1
Fighting       | 10 13 16 17 | 17.4
Armour         | 7 13 14 | 14.1
Dodging        | 11 14 | 14.7
Evocations     | 4 8 10 | 10.4

Action                   |  1- 3 |  4- 6 |  7- 9 | 10-12 | 13-15 | 16-18 || total
-------------------------+-------+-------+-------+-------+-------+-------++-------
Melee: Mace              |    90 |    78 |    51 |       |       |       ||   219
       Headbutt          |    12 |    17 |    64 |   142 |   335 |    30 ||   600
       Punch             |       |     1 |     5 |    12 |    24 |     1 ||    43
       Flail             |       |       |   336 |    92 |       |       ||   428
       Morningstar       |       |       |       |   444 |   966 |       ||  1410
       Demon whip        |       |       |       |       |   283 |   114 ||   397
       Great mace        |       |       |       |       |    86 |    31 ||   117
Throw: Dart              |       |       |       |    32 |     8 |       ||    40
       Stone             |       |       |       |     1 |       |       ||     1
Invok: Berserk           |       |     3 |     9 |     6 |    16 |     3 ||    37
       Trog's Hand       |       |       |     5 |     4 |    10 |       ||    19
       Brothers in Arms  |       |       |       |       |     3 |       ||     3
Evoke: Condenser vane    |       |       |       |       |     3 |     1 ||     4
       Box of beasts     |       |       |       |       |     1 |       ||     1
       Tin of tremorston |       |       |       |       |     3 |       ||     3
       Piece from Xom's  |       |       |       |       |     2 |       ||     2
       Phial of floods   |       |       |       |       |     1 |       ||     1
       Wand              |       |       |       |       |       |     4 ||     4
  Use: Scroll            |       |       |       |    10 |    17 |     2 ||    29
       Potion            |       |       |       |     7 |     4 |       ||    11
 Stab: Invisible         |       |       |       |     4 |     1 |       ||     5
       Petrified         |       |       |       |       |     4 |       ||     4
Armor: Animal skin       |     7 |       |       |       |       |       ||     7
       Ring mail         |     8 |       |       |       |       |       ||     8
       Plate armour      |    28 |    46 |   152 |   186 |   616 |    89 ||  1117
Dodge: Dodged            |    58 |    30 |   138 |   254 |  1137 |   139 ||  1756
Block: Other             |       |       |       |    46 |   238 |    26 ||   310

Table legend: (Time is in decaauts)
 A = Elapsed time spent in this place.
 B = Non-inter-level travel time spent in this place.
 C = Inter-level travel time spent in this place.
 D = Time resting spent in this place.
 E = Time spent auto-exploring this place.
 F = Levels seen in this place.
 G = Mean time per level.
                   A        B        C        D        E       F      G
               +--------+--------+--------+--------+--------+-----+--------+
         Total |  35129 |  33996 |   1133 |  12798 |  15735 |  26 | 1351.1 |
       Dungeon |  19513 |  18825 |    688 |   5923 |  10184 |  15 | 1300.9 |
          Lair |   7226 |   6870 |    356 |   1792 |   3902 |   6 | 1204.3 |
     Snake Pit |   1149 |   1149 |      0 |    816 |    165 |   1 | 1149.0 |
  Orcish Mines |   6311 |   6223 |     88 |   3876 |   1391 |   2 | 3155.5 |
       Ossuary |    233 |    233 |      0 |     43 |     93 |   1 |  233.0 |
      Gauntlet |    694 |    694 |      0 |    346 |      0 |   1 |  694.0 |
               +--------+--------+--------+--------+--------+-----+--------+

Top non-repeatable levels by time:
   Orc:1: 4879 daAuts
    D:14: 2638 daAuts
  Lair:6: 2405 daAuts
    D:11: 1911 daAuts
     D:8: 1514 daAuts
     D:9: 1463 daAuts
    D:15: 1434 daAuts
   Orc:2: 1432 daAuts
    D:13: 1375 daAuts
    D:10: 1370 daAuts
  Lair:1: 1278 daAuts
     D:1: 1194 daAuts
 Snake:1: 1149 daAuts
     D:6: 1096 daAuts
     D:5: 1066 daAuts
